[Event "Titled Tuesday Blitz April 4 Early 2023"]
[White "Skliarov, Viktor"]
[Black "Salman, Pavel"]
[WhiteFideId "14106736"]
[BlackFideId "24153753"]
[WhiteElo "2317"]
[BlackElo "2187"]
[Result "1-0"]
[Round "10"]
[TimeControl "180+2"]
[Date "2023.04.04"]
[WhiteClock "0:00:21"]
[BlackClock "0:00:08"]

1. e4 c5 2. Nf3 e6 3. c3 Nf6 4. Bd3 c4 5. Bc2 Bc5 6. e5 Nd5 7. b3 b5 8. a4 Bb7 9. axb5 Nf4 10. O-O Nxg2 11. d4 cxd3 12. Qxd3 Nh4 13. Nxh4 Qxh4 14. Qg3 Qxg3+ 15. hxg3 h5 16. b4 Bb6 17. Be3 h4 18. Bxb6 hxg3 19. fxg3 Rh1+ 20. Kf2 Rh2+ 21. Ke3 axb6 22. Rxa8 Bxa8 23. Be4 Bxe4 24. Kxe4 Ke7 25. Na3 f5+ 26. Kf3 Rd2 27. Re1 g5 28. Nc4 Rd5 29. Nxb6 Rxb5 30. Nc8+ Kd8 31. Nd6 Rb6 32. Rh1 Kc7 33. Rh8 Rxd6 34. exd6+ Kb7 35. b5 g4+ 36. Kf4 Ka7 37. c4 Kb7 38. c5 Ka7 39. Rc8 Kb7 40. Rc7+ Ka8 41. c6 dxc6 42. bxc6 Na6 43. Rc8+ Ka7 44. d7 Nb4 45. d8=Q 1-0


[Site "https://www.chess.com"]

[Event "Titled Tuesday Blitz April 4 Early 2023"]
[White "Korelskiy, Egor"]
[Black "Volkov, Maksim"]
[WhiteFideId "34329064"]
[BlackFideId "54123070"]
[WhiteElo "2186"]
[BlackElo "2312"]
[Result "0-1"]
[Round "10"]
[TimeControl "180+2"]
[Date "2023.04.04"]
[WhiteClock "0:00:02"]
[BlackClock "0:00:58"]

1. e4 c5 2. Nf3 d6 3. d4 cxd4 4. Nxd4 Nf6 5. Nc3 a6 6. h3 e5 7. Nb3 Be7 8. f4 Nc6 9. Be3 exf4 10. Bxf4 Be6 11. Be2 d5 12. exd5 Nxd5 13. Nxd5 Qxd5 14. Bf3 Qc4 15. Bg3 Nb4 16. Rc1 Nxa2 17. Rb1 Nb4 18. Na1 Bh4 19. Bxh4 Qxh4+ 20. Kf1 Rd8 21. Qe1 Qc4+ 22. Qe2 Qc5 23. Qf2 Qe5 24. Kg1 O-O 25. Re1 Qxb2 26. Kh2 Nd3 27. Qg3 Nxe1 28. Rxe1 a5 29. Qc7 b5 30. Qxa5 b4 31. Qc7 Rd2 32. Qf4 Qc3 33. Qg3 h6 34. Qf4 Rfd8 35. Re3 Qd4 36. Re4 Qxa1 37. Rxb4 Qf6 38. Qg3 Qg5 39. Qc7 R2d7 40. Qc6 Qe5+ 41. Kh1 Rd1+ 42. Bxd1 Rxd1# 0-1


[Site "https://www.chess.com"]

[Event "Titled Tuesday Blitz April 4 Early 2023"]
[White "Al-Tarboush, Ward"]
[Black "Nguyen Hong Nhung"]
[WhiteFideId "7601450"]
[BlackFideId "12412201"]
[WhiteElo "2265"]
[BlackElo "1968"]
[Result "0-1"]
[Round "10"]
[TimeControl "180+2"]
[Date "2023.04.04"]
[WhiteClock "0:00:10"]
[BlackClock "0:00:06"]

1. e4 c5 2. Nf3 e6 3. d4 cxd4 4. Nxd4 Nc6 5. Nc3 Qc7 6. Be3 a6 7. Qd2 Nf6 8. O-O-O Ne5 9. f4 Neg4 10. e5 Nxe3 11. Qxe3 Ng4 12. Qf3 f5 13. Nd5 exd5 14. Nxf5 Nh6 15. Nxh6 gxh6 16. Qh5+ Kd8 17. Bd3 b5 18. Rhe1 Bb7 19. f5 Kc8 20. e6 dxe6 21. fxe6 Be7 22. Qxh6 Kb8 23. Qe3 Rg8 24. Kb1 Rxg2 25. Rf1 Bc6 26. Rf7 Kb7 27. Rdf1 Re8 28. a4 Qb6 29. Qh3 Rg1 30. Qxh7 Rxf1+ 31. Bxf1 Qc5 32. Bd3 bxa4 33. h4 a3 34. bxa3 Qxa3 35. Rf3 Ka8 36. Bb5 Qb4+ 37. Rb3 Qe1+ 38. Ka2 Bxb5 39. Qg6 Rb8 40. Qf7 Qa5+ 41. Kb2 Qc7 42. h5 Bc4 43. Rxb8+ Qxb8+ 44. Kc1 Bg5+ 45. Kd1 Qb1# 0-1


[Site "https://www.chess.com"]

[Event "Titled Tuesday Blitz April 4 Early 2023"]
[White "Dushyant Sharma"]
[Black "Ambartsumova, Karina"]
[WhiteFideId "25065130"]
[BlackFideId "4166299"]
[WhiteElo "2198"]
[BlackElo "2240"]
[Result "1-0"]
[Round "10"]
[TimeControl "180+2"]
[Date "2023.04.04"]
[WhiteClock "0:01:42"]
[BlackClock "0:00:15"]

1. e4 c5 2. Nf3 e6 3. d4 cxd4 4. Nxd4 a6 5. Nc3 Qc7 6. f4 Bb4 7. Nf3 Nf6 8. Bd3 d5 9. exd5 Nxd5 10. O-O Nxc3 11. bxc3 Qxc3 12. Rb1 Qc5+ 13. Kh1 h6 14. Qe2 O-O 15. Qe4 f5 16. Qxb4 Qc7 17. Bb2 Nc6 18. Qd2 Bd7 19. Ne5 Rad8 20. Nxd7 Rxd7 21. Qe2 Rd6 22. Ba3 Nd4 23. Bxd6 Qxd6 24. Qe5 1-0


[Site "https://www.chess.com"]

[Event "Titled Tuesday Blitz April 4 Early 2023"]
[White "Chernomordik, Pavel"]
[Black "Gabdrakhmanov, Azat"]
[WhiteFideId "2804530"]
[BlackFideId "34189197"]
[WhiteElo "2193"]
[BlackElo "2306"]
[Result "0-1"]
[Round "10"]
[TimeControl "180+2"]
[Date "2023.04.04"]
[WhiteClock "0:00:38"]
[BlackClock "0:00:24"]

1. e4 c5 2. Nc3 e6 3. f4 Nc6 4. Nf3 d5 5. Bb5 d4 6. Bxc6+ bxc6 7. Ne2 d3 8. cxd3 Qxd3 9. Nc3 Nf6 10. Qa4 Bd7 11. Ne5 Qd4 12. d3 Qb4 13. Qc2 Be7 14. Bd2 Qb7 15. Na4 O-O 16. O-O Rfd8 17. Ba5 Rdb8 18. b3 Qb5 19. Bc3 Rd8 20. Nb2 Be8 21. Nbc4 Nd7 22. Na5 Nxe5 23. fxe5 Qxd3 24. Qxd3 Rxd3 25. Rf3 Rad8 26. Rc1 Bg5 27. Rc2 Rd1+ 28. Rf1 Be3+ 29. Rf2 R8d3 30. Nc4 Bxf2+ 31. Kxf2 Rxf1+ 32. Kxf1 Rxc3 33. Nd6 Kf8 34. Ke1 Rc2 35. g3 Rxh2 36. a4 Rb2 37. Nb7 Rxb3 38. Nxc5 Rxg3 39. Kd2 Ra3 0-1


[Site "https://www.chess.com"]

[Event "Titled Tuesday Blitz April 4 Early 2023"]
[White "Sousa, Andre Ventura"]
[Black "Kubatko, Ivan"]
[WhiteFideId "1917617"]
[BlackFideId "24111473"]
[WhiteElo "2348"]
[BlackElo "2285"]
[Result "0-1"]
[Round "10"]
[TimeControl "180+2"]
[Date "2023.04.04"]
[WhiteClock "0:00:01"]
[BlackClock "0:00:05"]

1. e4 d5 2. exd5 Qxd5 3. Nc3 Qa5 4. Bc4 Nf6 5. d3 Bg4 6. f3 Bd7 7. Ne2 Qb6 8. d4 e6 9. O-O Be7 10. Kh1 O-O 11. Bg5 c5 12. d5 exd5 13. Bxf6 Bxf6 14. Nxd5 Qd8 15. Nxf6+ Qxf6 16. Nc3 Bc6 17. Ne4 Bxe4 18. fxe4 Qe7 19. Qd5 Nc6 20. Qh5 Ne5 21. Bd5 g6 22. Qh6 Ng4 23. Qf4 Ne5 24. Rae1 Kg7 25. Re3 Rae8 26. Rh3 h5 27. Rg3 b6 28. Ra3 a5 29. Rb3 Qd6 30. a4 f6 31. h3 g5 32. Qf2 Ng6 33. Rf3 Nf4 34. c4 h4 35. Qg1 Nh5 36. Qh2 Ng3+ 37. Kg1 Qe5 38. Rd3 Qxb2 39. Rfd1 Re7 40. Rxg3 hxg3 41. Qxg3 Qe5 42. Qb3 Qd6 43. Rb1 f5 44. exf5 Rxf5 45. Qxb6 Qxb6 46. Rxb6 Re1+ 47. Kh2 Ra1 48. Rb7+ Kf8 49. Rb5 Rxa4 50. Rxc5 Ra2 51. Rc8+ Ke7 52. Rc7+ Kd6 53. Ra7 a4 54. Kg3 a3 55. Kg4 Re5 56. Kh5 Kc5 57. g4 Kd4 58. Kg6 Ra1 59. Kf6 a2 60. Kg6 Re2 61. Bf7 Rae1 62. Rd7+ Kc3 63. c5 a1=Q 64. c6 Qc1 65. c7 Kb4 66. Rd4+ Ka5 67. Rc4 Qxc4 68. Bxc4 Re8 69. Kxg5 Rc8 70. Bd3 Rxc7 71. Bf5 Rh1 72. h4 Kb5 73. h5 Kc5 74. Kf6 Kd4 75. Bg6 Rc6+ 76. Kf5 Rc5+ 77. Kf6 Ke3 78. Bf5 Kf4 79. Kg6 Rc6+ 80. Kf7 Rh4 81. Kg7 Rb6 82. Bd7 Kg5 0-1


[Site "https://www.chess.com"]

[Event "Titled Tuesday Blitz April 4 Early 2023"]
[White "Mendez Fortes, Eduardo Jesus"]
[Black "Maxfan2008"]
[WhiteFideId "3502376"]
[WhiteElo "2307"]
[BlackElo "2437"]
[Result "0-1"]
[Round "10"]
[TimeControl "180+2"]
[Date "2023.04.04"]
[WhiteClock "0:00:17"]
[BlackClock "0:00:45"]

1. e4 c5 2. Nf3 d6 3. d4 cxd4 4. Nxd4 Nf6 5. Nc3 a6 6. Bg5 e6 7. f4 Qb6 8. Qd3 Nbd7 9. O-O-O Be7 10. Be2 h6 11. Bh4 Nc5 12. Qf3 Nfxe4 13. Nxe4 Bxh4 14. Nxd6+ Qxd6 15. Nf5 Qxd1+ 16. Rxd1 exf5 17. Qd5 Be7 18. Qe5 Ne6 19. Kb1 O-O 20. Qxf5 Bf6 21. Qe4 Nc5 22. Qc4 b6 23. Bf3 Be6 24. Qf1 Rac8 25. g4 Na4 26. c3 b5 27. Bb7 Rb8 28. Bxa6 Bxg4 29. Rc1 Bf5+ 30. Ka1 b4 31. Bb5 bxc3 32. bxc3 Nxc3 0-1


[Site "https://www.chess.com"]

[Event "Titled Tuesday Blitz April 4 Early 2023"]
[White "ArtemDyachuk"]
[Black "Nikologorskiy, Konstantin"]
[BlackFideId "24111708"]
[WhiteElo "2434"]
[BlackElo "2293"]
[Result "0-1"]
[Round "10"]
[TimeControl "180+2"]
[Date "2023.04.04"]
[WhiteClock "0:00:35"]
[BlackClock "0:01:21"]

1. Nf3 d5 2. e3 Nf6 3. c4 e6 4. b3 Be7 5. Bb2 O-O 6. Nc3 b6 7. Qc2 Bb7 8. Be2 Nbd7 9. h4 c5 10. cxd5 exd5 11. Ng5 d4 12. Nce4 Nxe4 13. Nxe4 f5 14. Ng3 f4 15. Nh5 fxe3 16. dxe3 g6 17. Bc4+ Kh8 18. Nf4 Rxf4 19. exf4 Bxg2 20. Rg1 Bf3 21. f5 Ne5 22. fxg6 Nxg6 23. Rxg6 hxg6 24. Qxg6 Qf8 0-1


[Site "https://www.chess.com"]

[Event "Titled Tuesday Blitz April 4 Early 2023"]
[White "Horak, Martin"]
[Black "Leebit02"]
[WhiteFideId "367095"]
[WhiteElo "2091"]
[BlackElo "2434"]
[Result "1/2-1/2"]
[Round "10"]
[TimeControl "180+2"]
[Date "2023.04.04"]
[WhiteClock "0:00:04"]
[BlackClock "0:00:09"]

1. d4 Nf6 2. Nf3 g6 3. c4 Bg7 4. e3 O-O 5. Be2 d6 6. Nc3 Nbd7 7. Qc2 e5 8. O-O c6 9. dxe5 dxe5 10. Rd1 Qe7 11. b3 Re8 12. Bb2 a5 13. a3 Nc5 14. Nd2 Bf5 15. e4 Bc8 16. b4 Ne6 17. c5 Nd4 18. Qd3 b6 19. Rac1 axb4 20. axb4 bxc5 21. bxc5 Ba6 22. Qe3 Qxc5 23. Bxa6 Rxa6 24. Nd5 Qa7 25. Nxf6+ Bxf6 26. Nf3 c5 27. Rc4 Ra2 28. Bxd4 exd4 29. Qd3 Ra1 30. g3 Rxd1+ 31. Qxd1 Rxe4 32. Qc2 Re8 33. Rxc5 d3 34. Qc4 Qa1+ 35. Kg2 Rd8 36. Rc7 Rf8 37. Qxd3 Qa8 38. Rd7 Qe8 39. Qd5 Qe6 40. Qxe6 fxe6 41. h4 Rf7 42. Rxf7 Kxf7 43. Kh3 e5 44. g4 Ke6 45. Nd2 Kd5 46. f3 Be7 47. h5 gxh5 48. gxh5 Ke6 49. Kg4 h6 50. Ne4 Bd8 51. Ng3 Bg5 52. Nf5 Bf4 53. Ng7+ Kf6 54. Ne8+ Kf7 55. Nd6+ Ke6 56. Ne4 Be3 57. Ng3 Bf4 58. Ne4 Be3 59. Ng3 Bf4 60. Ne4 1/2-1/2


[Site "https://www.chess.com"]

[Event "Titled Tuesday Blitz April 4 Early 2023"]
[White "Topalov, Aleksandar"]
[Black "NiklasSchmider"]
[WhiteFideId "925659"]
[WhiteElo "2151"]
[BlackElo "2568"]
[Result "1-0"]
[Round "10"]
[TimeControl "180+2"]
[Date "2023.04.04"]
[WhiteClock "0:01:56"]
[BlackClock "0:01:04"]

1. b3 e5 2. Bb2 Nc6 3. c4 Nf6 4. e3 e4 5. a3 a5 6. Qc2 Bc5 7. Nc3 O-O 8. Nd5 Nxd5 9. cxd5 Ne7 10. Qxc5 d6 11. Qd4 Nf5 12. Qxe4 Re8 13. Qf4 Ne7 14. Qg5 Ng6 15. Qxd8 Rxd8 16. Nf3 b6 17. Rc1 Rd7 18. Bb5 Re7 19. O-O Rb8 20. Rc3 Bb7 21. Bc6 Ba6 22. Rfc1 f5 23. Nd4 f4 24. Bb5 Bxb5 25. Nxb5 fxe3 26. dxe3 1-0


[Site "https://www.chess.com"]

[Event "Titled Tuesday Blitz April 4 Early 2023"]
[White "Pham, Le Thao Nguyen"]
[Black "Yanayt, Eugene"]
[WhiteFideId "12401226"]
[BlackFideId "2020165"]
[WhiteElo "2286"]
[BlackElo "2083"]
[Result "1-0"]
[Round "10"]
[TimeControl "180+2"]
[Date "2023.04.04"]
[WhiteClock "0:00:07"]
[BlackClock "0:00:05"]

1. d4 Nf6 2. Nf3 g6 3. Bf4 Bg7 4. e3 c5 5. c3 Qb6 6. Qb3 Nc6 7. Nbd2 d5 8. h3 O-O 9. Be2 Bf5 10. dxc5 Qxc5 11. Qxb7 Nh5 12. Nb3 Bxc3+ 13. Kf1 Qb4 14. Qxc6 Bxb2 15. Re1 Nxf4 16. exf4 Be4 17. Qc5 Qb7 18. Nfd2 Bf5 19. Qb5 Qc7 20. g3 Rfd8 21. Kg2 Rab8 22. Qc5 Qd7 23. Bf3 Rbc8 24. Qxe7 Qb5 25. Qxa7 Ra8 26. Qc7 Rdc8 27. Qd6 Rd8 28. Qc5 Qd7 29. Re7 Qb7 30. Rxb7 Rac8 31. Qb5 Rc3 32. Re1 Bd3 33. Re8+ Kg7 34. Qa4 Rd6 35. Ree7 Rf6 36. Qd7 Bc4 37. Rxf7+ Kg8 38. Qe8# 1-0


[Site "https://www.chess.com"]

[Event "Titled Tuesday Blitz April 4 Early 2023"]
[White "Ashraf, Artin"]
[Black "Rios Escobar, Adan"]
[WhiteFideId "22514805"]
[BlackFideId "3403645"]
[WhiteElo "2188"]
[BlackElo "2426"]
[Result "0-1"]
[Round "10"]
[TimeControl "180+2"]
[Date "2023.04.04"]
[WhiteClock "0:00:03"]
[BlackClock "0:00:05"]

1. e4 c5 2. Nf3 d6 3. Bb5+ Nd7 4. Ba4 g6 5. O-O Bg7 6. c4 Nf6 7. Nc3 O-O 8. d4 cxd4 9. Nxd4 Nb6 10. Bb3 Bg4 11. f3 Bd7 12. Be3 Rc8 13. Qe2 a6 14. Rac1 e5 15. Nc2 Be6 16. Nd5 Bxd5 17. cxd5 Nbd7 18. a3 h5 19. Ba2 Kh7 20. b4 Bh6 21. Na1 Bxe3+ 22. Qxe3 Qb6 23. Kf2 Qxe3+ 24. Kxe3 Nb6 25. Kd3 Na4 26. Bb3 Nb2+ 27. Kd2 b5 28. Rc6 Rxc6 29. dxc6 Rc8 30. Rc1 Kg7 31. Rc2 Nc4+ 32. Bxc4 bxc4 33. Rxc4 d5 34. exd5 Nxd5 35. Rc5 Nb6 36. Nb3 Kf6 37. Na5 Ke6 38. Rc3 Rc7 39. Rd3 Nd5 40. g3 f5 41. Kc2 e4 42. fxe4 fxe4 43. Rd4 Ke5 44. Rd2 Ne3+ 45. Kb3 Nd5 46. Rc2 Kd4 47. Rc4+ Kd3 48. Rc5 Ne3 49. Nb7 Nf5 50. Nd8 Nd4+ 51. Ka4 e3 52. Re5 e2 53. Ka5 Rxc6 54. a4 Rd6 55. Nb7 Rd5+ 56. Nc5+ Kc4 57. Rxd5 e1=Q 58. Rd6 Qxb4+ 59. Kxa6 Qxc5 60. Rc6 Qxc6+ 0-1


[Site "https://www.chess.com"]

[Event "Titled Tuesday Blitz April 4 Early 2023"]
[White "Molina, Roberto Junio Brito"]
[Black "UNSTOPPABLE_LEGEND"]
[WhiteFideId "2109450"]
[WhiteElo "2376"]
[BlackElo "2507"]
[Result "1/2-1/2"]
[Round "10"]
[TimeControl "180+2"]
[Date "2023.04.04"]
[WhiteClock "0:01:24"]
[BlackClock "0:00:18"]

1. d4 Nf6 2. Nf3 a6 3. g3 e6 4. Bg2 Ra7 5. O-O c6 6. c4 Bd6 7. Nc3 b5 8. e4 Bc7 9. e5 Ng8 10. c5 Ne7 11. Bg5 h6 12. Bxe7 Qxe7 13. b4 a5 14. a3 O-O 15. Nd2 f6 16. f4 f5 17. h4 g6 18. Nb3 a4 19. Nd2 h5 20. Bf3 Qh7 21. Kf2 Bd8 22. Rc1 Na6 23. Rb1 Nc7 24. Rg1 Be7 25. Nf1 Qf7 26. Ne3 Kg7 27. Ng2 Ba6 28. Be2 Rc8 29. Ne1 Rb8 30. Nf3 Ne8 31. Rh1 Kg8 32. Bd3 Ng7 33. Rb2 Ne8 34. Bb1 Nc7 35. Ba2 Kg7 36. Ne2 Nd5 37. Bxd5 cxd5 38. Qd2 Bb7 39. Rc2 Bc6 40. Neg1 Qf8 41. Nh3 Qg8 42. Nhg5 Rf8 43. Qe2 Qh8 44. Ne1 Qg8 45. Nd3 Qh8 46. Nf3 Qg8 47. Nc1 Qh8 48. Na2 Rb8 49. Nc3 Qc8 50. Rhc1 Qb7 51. Nd1 Qc8 52. Ke3 Qe8 53. Qd3 Qc8 54. Nc3 Qa6 55. Rg2 Rh8 56. Rcg1 Qc8 57. Kd2 Rb7 58. Kc2 Qe8 59. Kb2 Qf7 60. Nd1 Kf8 61. Nh2 Ke8 62. Nf2 Kd8 63. Nh3 Kc7 64. Ng5 Qg8 65. Rh1 Rb8 66. Nf1 Rf8 67. Ne3 Qg7 68. Nd1 Rb8 69. Nf3 Rb7 70. Nc3 Qh6 71. Kc2 Qf8 72. Rb1 Qa8 73. Rgg1 Qd8 74. Nxa4 bxa4 75. b5 Qa8 76. bxc6 dxc6 77. Rxb7+ Qxb7 78. Rb1 Qa7 79. Rb4 Rb8 80. Qc3 Rxb4 81. Qxb4 Qa6 82. Kd2 Bd8 83. Ke3 Kc8 84. Qc3 Ba5 85. Qd3 Qb7 86. Nd2 Bxd2+ 87. Kxd2 Qb2+ 88. Ke3 Kb7 89. Kf3 Qc1 90. Kg2 Qb2+ 91. Kf3 Qb3 92. Ke3 Qxd3+ 93. Kxd3 Ka6 94. Kc3 Kb5 95. Kd3 Ka5 96. Kd2 Kb5 97. Kc3 Ka5 98. Kd3 Kb5 99. Kc3 Ka5 100. Kd3 Kb5 101. Kc3 1/2-1/2


[Site "https://www.chess.com"]

[Event "Titled Tuesday Blitz April 4 Early 2023"]
[White "Yu, Jason"]
[Black "Kaczur, Florian"]
[WhiteFideId "30907624"]
[BlackFideId "705098"]
[WhiteElo "2496"]
[BlackElo "2485"]
[Result "0-1"]
[Round "10"]
[TimeControl "180+2"]
[Date "2023.04.04"]
[WhiteClock "0:00:08"]
[BlackClock "0:00:02"]

1. e4 e5 2. Nf3 Nc6 3. Bc4 Bc5 4. c3 Nf6 5. d4 exd4 6. cxd4 Bb4+ 7. Bd2 Bxd2+ 8. Nbxd2 d5 9. exd5 Nxd5 10. O-O O-O 11. Rc1 Nb6 12. Bb3 a5 13. a4 Bg4 14. h3 Bh5 15. Rc5 Bg6 16. Nc4 Nxc4 17. Bxc4 Qd6 18. Re1 Rad8 19. Qc1 Kh8 20. Bb5 Nxd4 21. Nxd4 Qxd4 22. Rxc7 b6 23. Ree7 h6 24. b3 Rd6 25. Bc4 Rf6 26. Qe3 Qd1+ 27. Kh2 Kh7 28. Red7 Qb1 29. Rd5 Qb2 30. Rd2 Qc1 31. Re7 Qb1 32. Rd5 Qc2 33. Rd2 Qf5 34. f3 h5 35. Rd5 Qc2 36. Rxh5+ Kg8 37. Rd5 Qb2 38. Rd2 Qa3 39. Red7 Qb4 40. Qd4 Kh7 41. Rd6 Rxd6 42. Qxd6 Qc3 43. Qd4 Qc1 44. Rf2 Re8 45. Qxb6 Re1 46. f4 Rh1+ 47. Kg3 Qc3+ 48. Rf3 Qe1+ 49. Kg4 f5+ 50. Kg5 Qe7+ 0-1


[Site "https://www.chess.com"]

[Event "Titled Tuesday Blitz April 4 Early 2023"]
[White "Krysa, Leandro"]
[Black "Jaskolka, Tomasz"]
[WhiteFideId "116807"]
[BlackFideId "1170791"]
[WhiteElo "2489"]
[BlackElo "2155"]
[Result "0-1"]
[Round "10"]
[TimeControl "180+2"]
[Date "2023.04.04"]
[WhiteClock "0:00:01"]
[BlackClock "0:00:13"]

1. e4 c5 2. Nf3 e6 3. d4 cxd4 4. Nxd4 Nc6 5. Nc3 Qc7 6. g4 a6 7. Be3 h5 8. gxh5 Nf6 9. a3 b5 10. Nxc6 Qxc6 11. Bg2 Bb7 12. O-O Rxh5 13. f4 Bc5 14. Qe2 Bxe3+ 15. Qxe3 Rxh2 16. Nd5 Rxg2+ 17. Kxg2 Nxd5 18. exd5 Qxc2+ 19. Rf2 Bxd5+ 20. Kf1 Qc4+ 21. Ke1 Rc8 22. Rd1 Qe4 23. Qxe4 Bxe4 24. Kd2 d5 25. Rc1 Rc4 26. Rxc4 bxc4 27. Rh2 d4 28. Rh5 Bd5 29. Rh7 g6 30. Rh8+ Ke7 31. Rb8 Kf6 32. Rb6 Kf5 33. Rxa6 Kxf4 34. Rd6 g5 35. a4 g4 36. a5 g3 37. Rd8 g2 38. Rg8 Bf3 39. Ke1 Ke3 40. a6 d3 41. Rxg2 Bxg2 42. Kd1 Bf3+ 43. Kc1 d2+ 0-1


[Site "https://www.chess.com"]

[Event "Titled Tuesday Blitz April 4 Early 2023"]
[White "Przybylski, Wojciech"]
[Black "Florescu, Codrut-Constantin"]
[WhiteFideId "1117599"]
[BlackFideId "1202200"]
[WhiteElo "2222"]
[BlackElo "2191"]
[Result "0-1"]
[Round "10"]
[TimeControl "180+2"]
[Date "2023.04.04"]
[WhiteClock "0:01:41"]
[BlackClock "0:02:10"]

1. e4 c5 2. Nf3 e6 3. b3 a6 4. Bb2 Nc6 5. d4 cxd4 6. Nxd4 Qf6 7. c3 Bc5 8. Be2 e5 9. Nf3 d6 10. O-O Nge7 11. Nbd2 Ng6 12. g3 O-O 13. Nc4 Bh3 14. Re1 Rad8 15. Ne3 Bxe3 16. fxe3 h5 17. Bf1 Bg4 18. Be2 h4 19. Nxh4 Bxe2 20. Qxe2 Nxh4 21. gxh4 Qxh4 22. Qg2 f5 23. exf5 Rxf5 24. Qd5+ Kh8 25. Re2 Rdf8 26. Qd2 Qf6 27. Qe1 e4 28. c4 Rg5+ 29. Qg3 Rxg3+ 30. hxg3 Ne5 0-1


[Site "https://www.chess.com"]

[Event "Titled Tuesday Blitz April 4 Early 2023"]
[White "Poliakova, Varvara"]
[Black "Dudzinski, Pawel"]
[WhiteFideId "13518313"]
[BlackFideId "1117890"]
[WhiteElo "2075"]
[BlackElo "2099"]
[Result "1-0"]
[Round "10"]
[TimeControl "180+2"]
[Date "2023.04.04"]
[WhiteClock "0:02:17"]
[BlackClock "0:00:06"]

1. f4 c6 2. e4 d5 3. d3 g6 4. Nc3 Bg7 5. g3 h5 6. Bg2 Bg4 7. Nf3 h4 8. h3 Bxf3 9. Qxf3 d4 10. Ne2 hxg3 11. Nxg3 c5 12. e5 Nc6 13. O-O Nh6 14. f5 Nxf5 15. Nxf5 gxf5 16. Qxf5 Nxe5 17. Bxb7 e6 18. Bc6+ Kf8 19. Qxe6 Rc8 20. Bg2 Qd7 21. Rxf7+ Qxf7 22. Qxc8+ Qe8 23. Qf5+ Qf7 24. Qxf7+ Kxf7 25. Bf4 Ng6 26. Bg3 Rc8 27. Rf1+ Kg8 28. b3 Ne5 29. Bd5+ Kh8 30. Rf5 Re8 31. Rh5+ 1-0


[Site "https://www.chess.com"]

[Event "Titled Tuesday Blitz April 4 Early 2023"]
[White "Shapiro, Viktor"]
[Black "Jakubowski, Krzysztof"]
[WhiteFideId "4175700"]
[BlackFideId "1112848"]
[WhiteElo "2152"]
[BlackElo "2359"]
[Result "0-1"]
[Round "10"]
[TimeControl "180+2"]
[Date "2023.04.04"]
[WhiteClock "0:00:01"]
[BlackClock "0:00:06"]

1. c4 c5 2. Nc3 Nf6 3. g3 d5 4. cxd5 Nxd5 5. Bg2 Nc7 6. Nf3 Nc6 7. d3 e5 8. O-O Be7 9. a3 O-O 10. Bd2 Rb8 11. Rc1 a5 12. Na4 Ne6 13. b3 Kh8 14. Re1 b6 15. Qc2 Bb7 16. e3 Ba8 17. Red1 f5 18. Bc3 Bf6 19. Qb1 Re8 20. b4 cxb4 21. axb4 b5 22. Nc5 Nxc5 23. bxc5 b4 24. Ba1 a4 25. d4 exd4 26. Qxf5 Qc8 27. Qxc8 Rexc8 28. exd4 b3 29. Bb2 Nb4 30. Ra1 Bc6 31. Ne1 Bxg2 32. Kxg2 Ra8 33. Ba3 Nd5 34. Rac1 Kg8 35. Nf3 Rc6 36. Rc4 Kf7 37. Kf1 h6 38. Ke2 Nb6 39. Rb4 Nd5 40. Rb7+ Kg6 41. Kd3 Kf5 42. Kc4 Nc7 0-1


[Site "https://www.chess.com"]

[Event "Titled Tuesday Blitz April 4 Early 2023"]
[White "Shubenkova, Veronika"]
[Black "Taboas Rodriguez, Daniel"]
[WhiteFideId "44124040"]
[BlackFideId "2208466"]
[WhiteElo "2027"]
[BlackElo "2365"]
[Result "1-0"]
[Round "10"]
[TimeControl "180+2"]
[Date "2023.04.04"]
[WhiteClock "0:01:58"]
[BlackClock "0:01:30"]

1. e4 e5 2. Nf3 Nc6 3. Bb5 Nf6 4. Bxc6 dxc6 5. O-O Bg4 6. d3 Nd7 7. Be3 Bd6 8. Nbd2 Qe7 9. c3 c5 10. Qc2 O-O 11. Rae1 f5 12. exf5 Rxf5 13. d4 exd4 14. cxd4 Rxf3 15. Nxf3 Bxf3 16. gxf3 Qh4 17. f4 cxd4 18. Qc4+ Kh8 19. Qxd4 Nf6 20. f3 b6 21. b4 Nh5 22. Bf2 Qh3 23. Qe4 Nxf4 24. Qxa8+ 1-0


[Site "https://www.chess.com"]

[Event "Titled Tuesday Blitz April 4 Early 2023"]
[White "Nguyen, Hong Anh"]
[Black "Martic, Ivan"]
[WhiteFideId "12406732"]
[BlackFideId "929301"]
[WhiteElo "2054"]
[BlackElo "2360"]
[Result "1-0"]
[Round "10"]
[TimeControl "180+2"]
[Date "2023.04.04"]
[WhiteClock "0:00:28"]
[BlackClock "0:00:01"]

1. d4 d5 2. c4 Nc6 3. cxd5 Qxd5 4. e3 e5 5. Nc3 Bb4 6. Bd2 Bxc3 7. bxc3 Nge7 8. c4 Qd6 9. d5 Nb8 10. Nf3 Nd7 11. Be2 O-O 12. O-O Nc5 13. Bb4 b6 14. Nd2 f5 15. Nb3 a5 16. Nxc5 bxc5 17. Ba3 Bd7 18. Rb1 Rfb8 19. Qc2 Rb4 20. Bxb4 axb4 21. Qb2 Ra3 22. Rfd1 e4 23. Rd2 Ng6 24. Bd1 Ne5 25. Bb3 Ng4 26. g3 Ne5 27. Kg2 Nf3 28. Rdd1 Qh6 29. h4 Ra6 30. Rh1 Rg6 31. Bd1 f4 32. exf4 Qxf4 33. Qc1 Qf6 34. Qe3 Nxh4+ 35. Kf1 Nf5 36. Qf4 Nxg3+ 37. fxg3 Qc3 38. Kg2 Rf6 39. Qxe4 Bf5 40. Qe8+ Rf8 41. Qe2 Bxb1 42. Ba4 Bd3 43. Qe3 1-0


[Site "https://www.chess.com"]

[Event "Titled Tuesday Blitz April 4 Early 2023"]
[White "Bilan, Danila"]
[Black "M_Bozorov"]
[WhiteFideId "24161918"]
[WhiteElo "2182"]
[BlackElo "2461"]
[Result "0-1"]
[Round "10"]
[TimeControl "180+2"]
[Date "2023.04.04"]
[WhiteClock "0:00:05"]
[BlackClock "0:00:18"]

1. d4 Nf6 2. Nf3 g6 3. Bg5 Bg7 4. c3 O-O 5. Nbd2 c5 6. e3 d6 7. Bc4 Nc6 8. dxc5 dxc5 9. O-O Qc7 10. Qc2 b6 11. e4 e6 12. Rfe1 Bb7 13. Rad1 h6 14. Bh4 Nh5 15. Nf1 g5 16. Bg3 Nxg3 17. Nxg3 Rad8 18. Nh5 Rxd1 19. Rxd1 Rd8 20. h3 Rd7 21. Bb5 a6 22. Rxd7 Qxd7 23. Nxg7 Kxg7 24. Ne5 Qd6 25. Bxc6 Bxc6 26. Nxc6 Qxc6 27. Qd3 Qb5 28. Qd2 Qc4 29. Qd6 Qxe4 30. Qxb6 Qe1+ 31. Kh2 Qxf2 32. Qxa6 Qxb2 33. Qc4 Qa3 34. h4 Kf6 35. hxg5+ hxg5 36. Kh3 Qa8 37. Qxc5 Qxa2 38. Qd4+ Kg6 39. Qe4+ Kg7 40. Qe5+ Kf8 41. Qh8+ Ke7 42. Qg7 Qd2 43. Qe5 f6 44. Qc7+ Qd7 45. Qc5+ Qd6 46. Qa7+ Qd7 47. Qa3+ Kf7 48. Qb3 f5 49. Kh2 g4 50. Qb6 Ke7 51. Qc5+ Qd6+ 52. Qxd6+ Kxd6 53. Kg3 e5 54. Kf2 Kc5 55. Ke3 Kc4 56. g3 Kxc3 0-1


[Site "https://www.chess.com"]

[Event "Titled Tuesday Blitz April 4 Early 2023"]
[White "Bowden, Karl"]
[Black "Berezin, Viktor"]
[WhiteFideId "400548"]
[BlackFideId "14107872"]
[WhiteElo "2459"]
[BlackElo "2310"]
[Result "1-0"]
[Round "10"]
[TimeControl "180+2"]
[Date "2023.04.04"]
[WhiteClock "0:01:13"]
[BlackClock "0:01:17"]

1. e4 g6 2. d4 Bg7 3. c3 d6 4. f4 Nf6 5. Bd3 c5 6. dxc5 dxc5 7. e5 Nd5 8. Be4 Nc7 9. Qxd8+ Kxd8 10. Be3 Ne6 11. Nd2 Kc7 12. Nb3 Na6 13. O-O-O Rb8 14. Na5 Re8 15. Nf3 f5 16. exf6 exf6 17. f5 gxf5 18. Bxf5 b6 19. Bxe6 bxa5 20. Bf4+ Kb7 21. Bxc8+ Kxc8 22. Bxb8 Bh6+ 23. Kc2 Nxb8 24. Rhe1 Rg8 25. g3 Nd7 26. Re7 Nb6 27. Rxh7 Be3 28. Re7 1-0


[Site "https://www.chess.com"]